 Dungeon Crawl Stone Soup version 0.30.1-11-g7821555f0a (webtiles) character file.

Game seed: 5542897629005557834

4698 otna the Scholar of Death (level 10, -3/63 HPs)
             Began as a Deep Elf Necromancer on Nov 16, 2023.
             Was a Follower of Kikubaaqudgha.
             Slain by a sea snake zombie (13 damage)
             ... animated by the player character
             ... in a bailey.
             The game lasted 02:41:39 (11231 turns).

otna the Scholar of Death (Deep Elf Necromancer)   Turns: 11231, Time: 02:41:40

Health: -3/63      AC: 12    Str:  7    XL:     10   Next: 21%
Magic:  14/26      EV: 13    Int: 27    God:    Kikubaaqudgha [*.....]
Gold:   692        SH:  0    Dex: 15    Spells: 16/29 levels left

rFire   . . .        z - +4 long sword of Quick Death {freeze, Str+2 Int+2}
rCold   . . .        (no shield)
rNeg    . . .        c - +1 troll leather armour
rPois   +            g - +0 helmet
rElec   .            e - +1 cloak
rCorr   .            G - +2 pair of gloves
SInv    .            n - +0 pair of boots
Will    +....        (no amulet)
Stlth   ++           l - ring of poison resistance
HPRegen 1.10/turn    (no ring)
MPRegen 0.20/turn

%: no passive effects
@: animating dead, very slow
A: no striking features
a: Renounce Religion, Unearth Wretches


You were in a bailey.
You worshipped Kikubaaqudgha.
Kikubaaqudgha was aware of your devotion.
You visited 2 branches of the dungeon, and saw 10 of its levels.
You also visited: Sewer and Bailey.

You collected 692 gold pieces.

Inventory:

Hand Weapons
 a - a +0 dagger of holy wrath
 q - a +0 rapier
 z - the +4 long sword of Quick Death (weapon) {freeze, Str+2 Int+2}
   (You found it on level 5 of the Dungeon)

   Str:       It affects your strength (+2).
   Int:       It affects your intelligence (+2).
Armour
 c - a +1 troll leather armour (worn)
 e - a +1 cloak (worn)
 g - a +0 helmet (worn)
 n - a +0 pair of boots (worn)
 v - a +0 kite shield
 x - a +3 leather armour
 G - a +2 pair of gloves (worn)
Jewellery
 l - a ring of poison resistance (left hand)
 t - a ring of ice
Wands
 o - a wand of polymorph (7)
 A - a wand of iceblast (12)
Scrolls
 b - a scroll of fear
 f - 2 scrolls of brand weapon
 k - 2 scrolls of noise
 s - 2 scrolls of fog
 u - 2 scrolls of enchant weapon
 w - 2 scrolls of teleportation
 D - 4 scrolls of identify
 E - 3 scrolls of poison
Potions
 d - 2 potions of haste
 h - 5 potions of might
 i - 3 potions of curing
 j - 2 potions of flight
 m - 4 potions of heal wounds
 p - 2 potions of mutation
 r - a potion of lignification
 B - a potion of resistance
 C - a potion of brilliance


   Skills:
 * Level 7.1 Fighting
 - Level 5.0 Dodging
 * Level 5.5 Stealth
 - Level 10.0 Spellcasting
 + Level 1.8 Conjurations
 + Level 2.2 Hexes
 + Level 10.3 Necromancy
 + Level 2.0 Earth Magic


You had 16 spell levels left.
You knew the following spells:

 Your Spells              Type           Power      Damage    Failure   Level
a - Necrotise             Necr           100%       1d9       1%          1
b - Vampiric Draining     Necr           62%        2d10      1%          3
c - Animate Dead          Necr           62%        N/A       1%          4
d - Agony                 Necr           62%        N/A       2%          5

Your spell library contained the following spells:

 Spells                   Type           Power      Damage    Failure   Level
 Kiss of Death            Conj/Necr      100%       2d13      1%          1
 Cigotuvi's Dreadful Rot  Necr/Pois/Air  64%        N/A       2%          2
 Portal Projectile        Hex/Tloc       38%        N/A       12%         3
 Call Canine Familiar     Summ           13%        N/A       19%         3
 Leda's Liquefaction      Hex/Erth       12%        N/A       26%         4


Dungeon Overview and Level Annotations

Branches:
Dungeon (9/15)             Temple (1/1) D:4           Sewer (visited)
 Bailey (1/1)
   Lair: D:8-11         Orc: D:9-12

Altars:
Ashenzari
Cheibriados
Dithmenos
Fedhas
Kikubaaqudgha
Makhleb
Nemelex Xobeh
Okawaru
Qazlal
Uskayaw
Xom
Yredelemnul
Zin
The Shining One

Shops:
D:3 ?   D:4 *   D:5 *

Annotations:
D:4 exclusion: oklob sapling
D:9 exclusion: ice statue
Temple 2 transporters


Message History

Your gnoll zombie hits the sea snake zombie.
You swap places.
The sea snake zombie completely misses your gnoll zombie.
Your goblin zombie closely misses the orc warlord.
Your orc warrior zombie barely misses the sea snake zombie.
The orc warlord hits your orc warrior zombie with a +7 battleaxe!
Your orc warrior zombie is destroyed!
The orc warlord hits your goblin zombie with a +7 battleaxe!!
Your goblin zombie is destroyed!
Your gnoll zombie barely misses the sea snake zombie.
The sea snake zombie bites your gnoll zombie!
Aiming: Necrotise (safe; 1% risk of failure)
Press: ? - help, Q - select action, (/) - cycle Shift-Dir - straight line, f - you, p - orc warlord
Okay, then.
Okay, then.
Casting: Necrotise (safe; 1% risk of failure)
Confirm with . or Enter, or press ? or * to list all spells.
You dismiss your zombies and call upon the dead to rise afresh.
Your gnoll zombie crumbles into dust!
Your goblin zombie crumbles into dust!
Your orc warrior zombie crumbles into dust!
Your orc zombie crumbles into dust!
Your hobgoblin zombie crumbles into dust!
Kikubaaqudgha calls piteous wretches from the earth!
A gnoll and an orc come into view.
The orc warlord hits you with a +7 battleaxe!!
You feel much better.
The orc warlord hits you with a +7 battleaxe!!
The sea snake zombie completely misses you.
Casting: Animate Dead (dangerous; 1% risk of failure)
Confirm with . or Enter, or press ? or * to list all spells.
Aiming: Agony (dangerous; 2% risk of failure)
Press: ? - help, Shift-Dir - straight line, f/p - orc warlord
Aim: an orc warlord, wielding a +7 battleaxe and wearing a +0 chain mail (chance to affect: 90%)
The orc warlord barely resists.
The orc warlord hits you with a +7 battleaxe!!
Ouch! That really hurt!
* * * LOW HITPOINT WARNING * * *
The sea snake zombie bites you!
You die...
Kikubaaqudgha rasps: "You have failed me!
Welcome... death!"

♣♣..###'#~.........~#'###..♣♣
♣...~~))#~..8...8..~#Z~Z~...♣
♣♣...~)()##.........##ZZ~Z...♣
♣∩...~~)(#~....∩....~#.~~~...∩
♣♣...~ZZ(#~.........~#.~~~...♣
♣...~Z).#~~.8...8.~~#()~~...♣
♣♣..###'###.......###'###..♣♣
♣.##....#~.8o..8.~#...Z##.♣
♣##.....#~o@g~~~~~#...Z.##♣
##......####Z~~####......##
#...8......#'''#......8...#
#...........).............#
#............)............#
##..8..8..........)8..8..##
##.......#######)......##
##.....## ##.....## ##...##
##...##


You could see an orc warlord, a gnoll (paralysed), an orc (paralysed) and a sea
snake zombie.

Vanquished Creatures
  A sea snake (Bailey)
  A troll (D:8)
  A steam dragon (D:8)
  2 acid dragons
  A water moccasin (Sewer)
  2 orc warriors
  An ice beast (D:4)
  A black bear (D:6)
  A sky beast (D:7)
  3 centaurs
  3 ogres
  3 kobold brigands
  A bullfrog (D:5)
  2 gnoll sergeants
  6 wights
  3 howler monkeys (D:8)
  7 orc priests
  4 hounds
  A jelly (D:7)
  4 iguanas
  6 orc wizards
  6 adders
  10 gnolls
  An ufetubus (D:5)
  A worm (D:4)
  A dart slug (D:2)
  28 orcs
  3 bats
  4 endoplasms
  3 giant cockroaches
  16 goblins
  6 hobgoblins
  4 jackals
  29 kobolds
  8 quokkas
  6 ball pythons
  2 frilled lizards
  9 rats
191 creatures vanquished.

Vanquished Creatures (collateral kills)
  A water moccasin (D:6)
  An orc warrior (Bailey)
  A kobold brigand (D:8)
  A scorpion (D:5)
  4 wights (D:6)
  A jelly (D:7)
  An orc priest (D:5)
  2 iguanas
  An orc wizard (D:7)
  8 gnolls
  2 adders (D:6)
  2 white imps
  3 dart slugs
  8 orcs
  An endoplasm (D:1)
  A giant cockroach (D:6)
  3 goblins
  A jackal (Sewer)
  8 kobolds
50 creatures vanquished.

Vanquished Creatures (others)
  A boulder beetle (D:7)
  A two-headed ogre (D:7)
  2 tengu warriors (D:8)
  A deep elf pyromancer (D:9)
  A manticore (D:6)
  2 cyclopes (D:7)
  An unseen horror (D:7)
  2 slime creatures
  A yak (D:9)
  2 tengu zombies (D:8)
  A water moccasin (D:8)
  An elf zombie (D:9)
  A kobold brigand (D:6)
  A water moccasin zombie (D:8)
  A yak zombie (D:9)
  2 howler monkeys
  A centaur zombie (D:9)
  A hound (D:9)
  2 orc wizards
  An acid dragon zombie (D:7)
  2 ogre zombies
  A hound zombie (D:9)
  3 howler monkey zombies
  2 orcs
  2 goblins
  A jackal (D:9)
  A kobold (D:8)
  A quokka (D:8)
  5 gnoll zombies
  5 goblin zombies
  A jackal zombie (D:9)
  2 kobold zombies (Bailey)
  5 orc zombies
  A quokka zombie (D:8)
58 creatures vanquished.

Grand Total: 299 creatures vanquished

Notes
Turn   | Place    | Note
-------+----------+-------------------------------------------
     0 | D:1      | otna the Deep Elf Necromancer began the quest for the Orb.
     0 | D:1      | Reached XP level 1. HP: 10/10 MP: 6/6
   193 | D:1      | Reached skill level 5 in Necromancy
   228 | D:1      | Reached XP level 2. HP: 16/16 MP: 5/8
   594 | D:1      | Reached skill level 1 in Fighting
  1148 | D:1      | Reached XP level 3. HP: 20/20 MP: 7/10
  1261 | D:1      | Learned a level 3 spell: Vampiric Draining
  1602 | D:2      | Reached XP level 4. HP: 25/25 MP: 7/12
  1629 | D:2      | Learned a level 4 spell: Animate Dead
  1918 | D:2      | Found a faded altar of an unknown god.
  2684 | D:3      | Found Ygredim's Magic Scroll Emporium.
  2900 | D:4      | Reached XP level 5. HP: 30/30 MP: 7/14
  2913 | D:4      | Reached skill level 5 in Spellcasting
  3002 | D:4      | Learned a level 5 spell: Agony
  3205 | D:4      | Found a glowing silver altar of Zin.
  3270 | D:4      | Found a staircase to the Ecumenical Temple.
  3418 | D:4      | Noticed Edmund
  3439 | D:4      | Found a burning altar of Makhleb.
  3622 | D:4      | Edmund changed into Edmund the ice beast
  3622 | D:4      | Noticed Edmund
  3627 | D:4      | Killed Edmund the ice beast
  3628 | D:4      | Reached XP level 6. HP: 36/36 MP: 5/16
  3665 | D:4      | Found Sehunu's Specific Store.
  3689 | D:4      | Found Unoepun's General Store.
  4055 | Temple   | Entered the Ecumenical Temple
  4055 | Temple   | Found a transporter.
  4055 | Temple   | Found a transporter.
  4057 | Temple   | Found a transporter.
  4057 | Temple   | Found a transporter.
  4174 | Temple   | Became a worshipper of Kikubaaqudgha
  4415 | D:5      | Entered Level 5 of the Dungeon
  4726 | D:5      | Reached XP level 7. HP: 28/41 MP: 10/18
  5656 | D:5      | Found a blossoming altar of Fedhas.
  5751 | D:5      | Found Plog's General Store.
  5775 | D:5      | Reached * piety under Kikubaaqudgha
  5775 | D:5      | Received a gift from Kikubaaqudgha
  5779 | D:5      | Learned a level 2 spell: Cigotuvi's Dreadful Rot
  5781 | D:5      | Learned a level 1 spell: Kiss of Death
  6017 | D:5      | Identified the +4 long sword of Quick Death {freeze, Str+2
                  | Int+2}
  6528 | D:6      | Found a sparkling altar of Nemelex Xobeh.
  6598 | D:6      | Found a basalt altar of Yredelemnul.
  6640 | D:6      | Reached XP level 8. HP: 17/48 MP: 14/21
  6993 | D:6      | Found a glowing drain.
  7007 | Sewer    | Entered a sewer
  7583 | D:6      | Found a glowing golden altar of the Shining One.
  7673 | D:6      | Reached skill level 5 in Fighting
  8113 | D:7      | Reached XP level 9. HP: 38/54 MP: 20/24
  8183 | D:7      | You fall into a shaft and drop 1 floor!
  8227 | D:8      | Found a snail-covered altar of Cheibriados.
  8298 | D:8      | Noticed a troll
  8307 | D:8      | Killed a troll
  9462 | D:8      | Reached skill level 5 in Dodging
  9633 | D:8      | Reached skill level 10 in Necromancy
  9727 | D:8      | Reached skill level 10 in Spellcasting
 10176 | D:8      | Found a broken altar of Ashenzari.
 10432 | D:8      | Reached skill level 1 in Hexes
 10432 | D:8      | Reached skill level 1 in Earth Magic
 10614 | D:9      | Reached skill level 1 in Conjurations
 10644 | D:9      | Noticed an ice statue
 10644 | D:9      | Noticed an ice devil
 10663 | D:9      | Noticed an ice devil
 10813 | D:9      | Reached XP level 10. HP: 61/61 MP: 15/26
 10831 | D:9      | Found a flagged portal.
 10844 | Bailey   | Entered a bailey
 10941 | Bailey   | Noticed an orc warlord
 10971 | Bailey   | Noticed an orc knight
 10980 | Bailey   | an orc knight changed into a sea snake
 10980 | Bailey   | Noticed a sea snake
 10995 | Bailey   | Killed a sea snake
 10996 | Bailey   | Reached skill level 5 in Stealth
 11011 | Bailey   | Found a runed translucent gate.
 11011 | Bailey   | Found a runed translucent gate.
 11011 | Bailey   | Found a runed translucent gate.
 11231 | Bailey   | Slain by a sea snake zombie

Illustrated notes

Levels and vault maps discovered:
D:1:      amcnicky_arrival_flooded_fountain, layout_loops_corners, minivault_5
D:2:      layout_basic, nicolae_ecumenical_lake_church
D:3:      layout_rooms, serial_shops, shop
D:4:      layout_loops_ring, mainiacjoe_overflow_alcove_4, lemuel_tele_altar,
          minmay_temple_entry_oklob, nicolae_specific_store, minivault_24,
          grunt_ministairs_5, uniq_edmund
D:5:      layout_gridville, fedhas_altar_4, serial_shops, nicolae_diamond_shop,
          chequers_decorated_corner, minivault_26, due_unseen_surprise
D:6:      layout_rooms, nemelex_spade_bored_becter,
          mainiacjoe_overflow_small_starburst, mainiacjoe_overflow_boulevard,
          gup_sewer_entry_pipe
D:7:      layout_loops_ring
D:8:      layout_basic, lemuel_coloured_pillars_altar, amcnicky_altar_gilded
D:9:      cheibrodos_frozen_isle, layout_loops_corners, vehumet_crystals,
          enter_bailey_3
Temple:   hellmonk_temple_divided_pantheon
Bailey:   bailey_axe_bossmonster_kennysheep, bailey

Skill      XL: |  1  2  3  4  5  6  7  8  9 10 |
---------------+-------------------------------+-----
Necromancy     | 5 6 7 8 9 10 | 10.3
Fighting       | 1 2 3 4 5 6 7 |  7.1
Spellcasting   | 4 5 6 7 9 10 | 10.0
Dodging        | 5 |  5.0
Stealth        | 4 5 |  5.5
Hexes          | 1 2 |  2.2
Earth Magic    | 1 2 |  2.0
Conjurations   | 1 |  1.8

Action                     |  1- 3 |  4- 6 |  7- 9 | 10-12 || total
---------------------------+-------+-------+-------+-------++-------
  Melee: Spear             |       |    42 |    23 |       ||    65
         Punch             |       |     1 |     1 |       ||     2
         Long sword        |       |       |   119 |    10 ||   129
   Cast: Necrotise         |    55 |    89 |   126 |    20 ||   290
         Vampiric Draining |       |     8 |    22 |    11 ||    41
         Animate Dead      |       |     2 |    14 |     3 ||    19
         Kiss of Death     |       |       |     1 |       ||     1
         Cigotuvi's Dreadf |       |       |     3 |       ||     3
         Agony             |       |       |     1 |     1 ||     2
 Invoke: Unearth Wretches  |       |       |     9 |     3 ||    12
  Evoke: Wand              |       |     2 |     2 |     5 ||     9
    Use: Scroll            |       |    10 |    12 |     3 ||    25
         Potion            |       |       |     1 |     3 ||     4
   Stab: Distracted        |       |       |     2 |       ||     2
 Armour: Leather armour    |     1 |     6 |    37 |       ||    44
         Robe              |       |     4 |       |       ||     4
         Troll leather arm |       |       |    54 |     7 ||    61
  Dodge: Dodged            |     3 |    16 |   126 |    14 ||   159
